Map: Rosebud LE

Players

carlfernz

  • Race: Terran Terran
  • Spawn Location: 11:00

Smileblind

  • Race: Protoss Protoss
  • Spawn Location: 11:00

Blahsmack

  • Race: Zerg Zerg
  • Spawn Location: 11:00

AgentOranges

  • Race: Protoss Protoss
  • Spawn Location: 5:00

CallMeSunbae

  • Race: Terran Terran
  • Spawn Location: 5:00

MrGreen

  • Race: Protoss Protoss
  • Spawn Location: 5:00

VOD

Have the link to the VOD?

Description

Time

  • Played on: Jan. 23, 2019, 3:28 a.m.
  • Length: 0:50
Show
View Real Time Build Order
Export as new Build Order

carlfernz Terran 

Build Orders:  

Get SALT Encoding   

  12  0:14  Refinery  
  12  0:26  Supply Depot  
  12  0:28  SCV  
  14  0:49  Barracks  
Show
View Real Time Build Order
Export as new Build Order

Smileblind Protoss 

Build Orders:  

Get SALT Encoding   

  12  0:04  Probe  
  13  0:16  Probe  
  14  0:27  Probe  
  14  0:31  Pylon  
  15  0:47  Pylon  
Show
View Real Time Build Order
Export as new Build Order

Blahsmack Zerg 

Build Orders: Pool Only 

Get SALT Encoding   

  12  0:06  Drone  
  13  0:12  Drone  
  14  0:17  Overlord  
  14  0:38  Spawning Pool  
Show
View Real Time Build Order
Export as new Build Order

AgentOranges Protoss 

Build Orders:  

Get SALT Encoding   

  1  0:00  Probe  
  12  0:06  Probe  
  14  0:21  Pylon  
  14  0:22  Probe  
  15  0:42  Gateway  
Show
View Real Time Build Order
Export as new Build Order

CallMeSunbae Terran 

Build Orders:  

Get SALT Encoding   

  12  0:03  SCV  
  13  0:15  SCV  
  14  0:34  Supply Depot  
  14  0:37  SCV  
Show
View Real Time Build Order
Export as new Build Order

MrGreen Protoss 

Build Orders:  

Get SALT Encoding   

  1  0:00  Probe  
  13  0:08  Probe  
  14  0:19  Probe  
  15  0:23  Pylon  
  16  0:46  Forge  
Tags
 
Add a new tag
Caveats
  • Supply blocks, unpowered buildings, or Contaminate may cause inaccurate times.
  • Supply counts are checked every 10 seconds.